Cogmind - Beta 16 @@@ ROGUE MODE // 2025.12.24 @ 12:17:06 Player: Yellow Fin Result: Destroyed by H-88 Terminator with KE Penetrator Performance ------------- Evolutions (8) 4000 Regions Visited (16) 3200 Robots Destroyed (99) 495 Value Destroyed (2181) 2181 Prototype IDs (44) 880 Alien Tech Used (4) 800 Bonus (3342) 3342 TOTAL SCORE: 14898 Bonus ------- Follower Combat Kills 284 Aligned with FarCom 300 Found Hidden Lab 3000 Used Core Reset Matrix 3000 Friendly Fire -3242 Cogmind --------- Core Integrity 0/1450 Matter 135/300 Energy 96/100 System Corruption 0% Temperature Cool (0) Movement Core (50) Location -2/Research Parts ------- > --- POWER (3) -------- (None) > --- PROPULSION (6) --- (None) > --- UTILITY (13) ----- Advanced Terrain Scan Processor Improved Hacking Suite Experimental Hacking Suite Advanced Component Analysis Suite > --- WEAPON (2) ------- (None) > --- INVENTORY (5) ---- Advanced Power Amplifier Authchip [Propulsion] Authchip [Device] High-powered Shock Rifle Enhanced Nova Cannon Peak State ------------ > --- POWER ------------ Micro Antimatter Reactor Micro Antimatter Reactor > --- PROPULSION ------- Cooled Cesium-ion Thruster Cooled Cesium-ion Thruster Cooled Nuclear Pulse Thruster Cooled Nuclear Pulse Thruster Diametric Drive > --- UTILITY ---------- Structural Scanner Advanced Terrain Scanner Advanced Terrain Scan Processor Advanced Reaction Control System Advanced Phase Shifter Improved Hacking Suite Advanced Hacking Suite Advanced Hacking Suite Advanced Hacking Suite Experimental Hacking Suite Improved System Shield Advanced System Shield > --- WEAPON ----------- Mini Grenade Launcher Power Sword > --- INVENTORY -------- Cooled Cesium-ion Thruster Advanced Power Amplifier Advanced Cryofiber Web Authchip [Device] Advanced System Restoration Module [Rating: 128] Favorites ----------- Power Light Fission Core Engine Ion Engine Power Core Light Fission Core Reactor Micro Antimatter Reactor Propulsion Cooled Cesium-ion Thruster Wheel Wheel Flight Unit Cooled Cesium-ion Thruster Utility Hacking Suite Device Structural Scanner Storage Large Storage Unit Processor Advanced Terrain Scan Processor Hackware Hacking Suite Protection Medium Armor Plating Weapon Mini Grenade Launcher Energy Gun Medium Laser Energy Cannon Advanced Beam Cannon Ballistic Gun Improved Assault Rifle Ballistic Cannon Light Cannon Launcher Mini Grenade Launcher Special Weapon Mining Laser Impact Weapon Heavy Hammer Slashing Weapon Power Sword Build | -11 -10 -10 -9 -9 -9 -8 -8 -7 -6 -5 -5 -4 -3 -3 -3 -2 ------- Run | Yrd Mat Min Mat Min Exi Min Mat Fac Fac Fac Ext Fac Res Arm Lab Res Slots Evolved 16 | . . . 2 . . . 2 2 2 2 . 2 2 . . 2 Power 1 | . . . . . . . . . 1 . . . . . . . Propulsion 4 | . . . . . . . 1 1 . 1 . . . . . 1 Utility 11 | . . . 2 . . . 1 1 1 1 . 2 2 . . 1 Weapon . | . . . . . . . . . . . . . . . . . Parts Attached 127 | 9 16 6 24 4 . 8 5 9 11 7 1 10 5 4 . 8 Power 19 | 1 2 . 6 . . 1 . . 3 . 1 2 . . . 3 Engine 11 | 1 2 . 6 . . . . . 1 . . . . . . 1 Core 3 | . . . . . . 1 . . 2 . . . . . . . Reactor 5 | . . . . . . . . . . . 1 2 . . . 2 Propulsion 30 | 4 5 2 4 . . 3 . 4 2 1 . 3 . 1 . 1 Treads . | . . . . . . . . . . . . . . . . . Leg . | . . . . . . . . . . . . . . . . . Wheel 14 | 4 5 2 3 . . . . . . . . . . . . . Hover . | . . . . . . . . . . . . . . . . . Flight 16 | . . . 1 . . 3 . 4 2 1 . 3 . 1 . 1 Utility 55 | 2 6 . 8 1 . 3 5 2 5 6 . 5 5 3 . 4 Device 13 | 1 . . 1 . . 2 . 1 1 . . . 2 1 . 4 Storage 4 | 1 2 . 1 . . . . . . . . . . . . . Processor 7 | . . . 2 . . 1 3 1 . . . . . . . . Hackware 22 | . . . . . . . 2 . 4 6 . 5 3 2 . . Protection 9 | . 4 . 4 1 . . . . . . . . . . . . Artifact . | . . . . . . . . . . . . . . . . . Weapon 23 | 2 3 4 6 3 . 1 . 3 1 . . . . . . . Energy Gun 4 | 1 1 1 1 . . . . . . . . . . . . . Energy Cannon 2 | . . . 2 . . . . . . . . . . . . . Ballistic Gun 7 | 1 1 2 3 . . . . . . . . . . . . . Ballistic Cannon 1 | . . . . 1 . . . . . . . . . . . . Launcher 3 | . . 1 . 2 . . . . . . . . . . . . Special Weapon 1 | . 1 . . . . . . . . . . . . . . . Impact Weapon 2 | . . . . . . 1 . 1 . . . . . . . . Slashing Weapon 3 | . . . . . . . . 2 1 . . . . . . . Piercing Weapon . | . . . . . . . . . . . . . . . . . Special Melee Weapon . | . . . . . . . . . . . . . . . . . Unidentified Prototypes 10 | . . . 5 . . . . . 1 . 1 1 . . 1 1 Parts Lost 24 | . 3 . 1 . . . . . . . . 1 . 9 1 9 Power 2 | . . . . . . . . . . . . . . . . 2 Propulsion 9 | . 2 . . . . . . . . . . 1 . 3 1 2 Utility 11 | . 1 . 1 . . . . . . . . . . 5 . 4 Weapon 2 | . . . . . . . . . . . . . . 1 . 1 Highest Loss Streak 9 | . 1 . 1 . . . . . . . . 1 . 9 1 7 To Critical Strikes . | . . . . . . . . . . . . . . . . . Average Backups 7 | 2 8 13 14 15 15 14 3 4 4 4 3 4 3 4 4 4 Power 1 | 1 2 2 1 2 2 2 1 . . . . . . . . . Propulsion 1 | 1 1 2 3 5 5 4 1 . . . . . . . . . Utility 4 | . 4 6 4 4 4 3 1 3 4 4 3 4 2 4 4 3 Weapon 1 | . 1 2 4 4 4 3 . . . . . . . . . . Tool/Special . | . . . . . . . . . . . . . . . . . Unused Backups 33 | . 2 1 7 . . . . 4 1 3 1 3 2 . 1 8 Power 6 | . 1 1 . . . . . 1 . . . 1 1 . . 1 Propulsion 6 | . 1 . 4 . . . . 1 . . . . . . . . Utility 17 | . . . 1 . . . . 2 1 3 1 2 1 . 1 5 Weapon 4 | . . . 2 . . . . . . . . . . . . 2 Tool/Special . | . . . . . . . . . . . . . . . . . Average Slot Usage (%) 95 | . 99 100 98 100 100 98 99 98 99 94 99 93 99 93 39 37 Engine 5 | . 14 14 11 11 11 11 . . . . . . . . . 1 Core 3 | . . . . . . . 9 7 12 11 8 2 . . . . Reactor 1 | . . . . . . . . . . . 1 7 9 8 2 . Wheel 10 | . 27 28 22 22 22 20 . . . . . . . . . . Flight 13 | . . . . . . 1 27 30 26 24 29 21 22 21 7 5 Device 7 | . 1 . . . . . 18 21 12 8 5 9 18 17 7 11 Storage 5 | . 14 14 11 11 11 11 . . . . . . . . . . Processor 8 | . . . 20 22 22 20 10 7 6 5 5 5 4 4 4 4 Hackware 15 | . . . . . . . 16 15 26 30 35 35 33 31 13 11 Protection 5 | . 12 14 10 11 11 10 . . . . . . . . . . Energy Gun 2 | . 13 13 . . . . . . . . . . . . . . Energy Cannon 1 | . . . 10 2 . . . . . . . . . . . . Ballistic Gun 4 | . 13 13 10 5 11 10 . . . . . . . . . . Launcher 3 | . . . . 12 . . 9 7 6 5 5 4 4 3 . . Slashing Weapon 2 | . . . . . . . . 1 6 5 5 5 4 4 2 2 Peak Build Rating 128 | 8 10 12 21 21 18 22 30 48 63 80 85 102 123 128 56 76 Average Rating 48 | 6 9 11 18 19 18 18 28 44 58 66 81 94 116 117 47 53 On Entrance 43 | . 8 10 12 21 18 18 20 30 47 63 80 85 102 123 56 41 Avg Prop Armor Cover (%) 4 | . . . 4 . . . . . . . . . . . . 6 Naked Turns . | . . . . . . . . . . . . . . . . . Heaviest Build 42 | 14 37 38 42 42 37 37 11 20 25 27 26 26 27 28 12 12 Greatest Support 45 | 32 20 20 20 20 20 20 15 28 28 41 41 44 45 43 12 18 Greatest Overweight (x) 3 | . 3 1 3 2 1 1 . . . 1 . . . . . 3 Average Overweight (x) . | . . 1 1 1 1 1 . . . . . . . . . . Largest Inventory Capacity 25 | 8 25 15 15 15 15 15 5 5 5 5 5 5 5 5 5 5 Average Capacity 9 | 7 13 15 15 15 15 14 5 5 5 5 5 5 5 5 5 5 Most Carried 15 | 8 13 15 15 15 15 15 5 5 5 5 5 5 5 5 5 5 Average Carried 7 | 2 8 13 14 15 14 14 3 4 4 4 3 4 3 4 4 4 Final Capacity 15 | 8 15 15 15 15 15 5 5 5 5 5 5 5 5 5 5 5 Final Carried 15 | 8 11 15 15 15 15 4 4 5 5 3 5 3 5 5 5 5 Class Distribution -------------------- 34% | Mutant 25% | Wizard-Scout 20% | Hacker-Scout 9% | Scavenger-Mutant 6% | Hacker-Ninja Dominant Class ---------------- Mutant | -10/Materials Scavenger-Mutant | -10/Mines Mutant | -9/Materials Mutant | -9/Mines Mutant | -9/Exiles Mutant | -8/Mines Hacker-Scout | -8/Materials Hacker-Ninja | -7/Factory Hacker-Scout | -6/Factory Hacker-Scout | -5/Factory Wizard-Scout | -5/Extension Wizard-Scout | -4/Factory Wizard-Scout | -3/Research Wizard-Scout | -3/Armory Hacker-Mutant | -3/Lab Hacker-Scout | -2/Research Resources | -11 -10 -10 -9 -9 -9 -8 -8 -7 -6 -5 -5 -4 -3 -3 -3 -2 ----------- Run | Yrd Mat Min Mat Min Exi Min Mat Fac Fac Fac Ext Fac Res Arm Lab Res Matter Collected 2382 | 314 308 139 514 95 52 . . . 161 256 180 66 276 7 . 14 Remotely . | . . . . . . . . . . . . . . . . . Salvage Created 3593 | 190 538 254 1493 106 . . . . 161 342 266 17 194 18 . 14 Parts 220 | 18 34 18 90 11 . . . . 5 14 15 3 8 1 . 3 Haulers Intercepted 5 | . 1 . 4 . . . . . . . . . . . . . Recyclers Shooed 1 | . . . . . . . . . . . . . 1 . . . Parts Field Recycled . | . . . . . . . . . . . . . . . . . Retrieved Matter . | . . . . . . . . . . . . . . . . . Parts Self-Destructed . | . . . . . . . . . . . . . . . . . Prevented . | . . . . . . . . . . . . . . . . . Parts Restored . | . . . . . . . . . . . . . . . . . Kills | -11 -10 -10 -9 -9 -9 -8 -8 -7 -6 -5 -5 -4 -3 -3 -3 -2 ------- Run | Yrd Mat Min Mat Min Exi Min Mat Fac Fac Fac Ext Fac Res Arm Lab Res Combat Hostiles Destroyed 57 | . 9 10 30 7 . . . . . . . . . 1 . . Guns 29 | . 9 8 11 1 . . . . . . . . . . . . Cannons 18 | . . . 18 . . . . . . . . . . . . . AOE 9 | . . 2 . 6 . . . . . . . . . 1 . . Classes Destroyed 12 | 3 4 2 1 1 . . . . . . . . . 1 . . Worker 9 | 2 3 . 1 . . . . . 1 1 . 1 . . . . Builder 3 | . . . 1 . . . . . . . 1 . . . . 1 Tunneler 5 | 5 . . . . . . . . . . . . . . . . Hauler 5 | . 1 . 4 . . . . . . . . . . . . . Recycler 6 | 1 . . . . . . . . 1 2 1 . 1 . . . Operator 5 | . 2 . 1 . . . . . . 1 . . 1 . . . Watcher 8 | . 1 . 4 . . . . . . 1 1 . 1 . . . Swarmer 17 | . . 6 7 4 . . . . . . . . . . . . Cutter 1 | . . . . . . . . . . . . . . 1 . . Grunt 29 | . 9 2 16 2 . . . . . . . . . . . . Brawler 1 | . . . . 1 . . . . . . . . . . . . Sentry 9 | . . 2 7 . . . . . . . . . . . . . Best Kill Streak 8 | 3 4 3 8 6 . . . . 1 2 2 1 2 1 . 1 Combat Bots Only 6 | . 4 3 4 6 . . . . . . . . . 1 . . Max Kills in Single Turn 3 | 1 1 2 1 3 . . . . 1 1 1 1 1 1 . 1 Gunslinging . | . . . . . . . . . . . . . . . . . Exploded 3 | . . 2 . 3 . . . . . . . . . 1 . . Melee . | . . . . . . . . . . . . . . . . . Uniques/NPCs Destroyed 1 | . . . . . . . . . . . 1 . . . . . A7 (-5/Extension) Combat | -11 -10 -10 -9 -9 -9 -8 -8 -7 -6 -5 -5 -4 -3 -3 -3 -2 -------- Run | Yrd Mat Min Mat Min Exi Min Mat Fac Fac Fac Ext Fac Res Arm Lab Res Hostile Shots Fired 423 | . 59 33 82 9 . . 2 6 . . 4 1 2 76 3 146 Missed 177 | . 10 15 23 1 . . 2 4 . . 3 1 2 50 2 64 Hits 246 | . 49 18 59 8 . . . 2 . . 1 . . 26 1 82 Melee 9 | . . . . . . . . . . . . . . 9 . . Projectile 237 | . 49 18 59 8 . . . 2 . . 1 . . 17 1 82 AOE 4 | . . . . . . . . . . . . . . 4 . . Critical Strikes 10 | . 1 1 1 . . . . . . . . . . 4 . 3 Damage Taken 4423 | . 640 238 678 184 . . . 36 . . 50 . . 735 25 1837 Core 1998 | . 80 53 147 18 . . . . . . . . . 233 . 1467 Absorbed by Shields . | . . . . . . . . . . . . . . . . . Regen/Repaired (Parts) 136 | . . . 14 . . . . . . . 27 49 17 29 . . Core Remaining (%) 86 | 100 . 46 . . . 58 100 100 100 . 100 100 . . 77 . Volleys Fired 230 | 24 80 20 78 6 . . . . . . 8 . 12 2 . . Largest 2 | 2 2 2 2 2 . . . . . . 1 . 1 1 . . Hottest 113 | 70 100 100 113 63 . . . . . . 30 . 30 30 . . Shots Fired 413 | 48 137 38 156 12 . . . . . . 8 . 12 2 . . Gun 296 | 48 132 35 78 3 . . . . . . . . . . . . Cannon 81 | . . . 78 3 . . . . . . . . . . . . Launcher 30 | . . 2 . 6 . . . . . . 8 . 12 2 . . Special 6 | . 5 1 . . . . . . . . . . . . . . Kinetic 198 | 24 75 19 74 6 . . . . . . . . . . . . Thermal 181 | 24 62 17 78 . . . . . . . . . . . . . Explosive 30 | . . 2 . 6 . . . . . . 8 . 12 2 . . Electromagnetic 4 | . . . 4 . . . . . . . . . . . . . Robot Hit Streak 22 | 5 15 14 22 6 . . . . . . . . . . . . Robot Miss Streak 4 | 3 4 4 1 1 . . . . . . 1 . . 3 . . Penetration Max . | . . . . . . . . . . . . . . . . . Secondary Targets 3 | . 3 . . . . . . . . . . . . . . . Max Gunslinging Chain 1 | . 1 . . . . . . . . . . . . . . . Shots Hit Robots 292 | 29 84 21 115 7 . . . . 2 6 20 1 5 . . 2 Core Hits 136 | 12 34 13 47 11 . . . . 2 5 6 1 2 2 . 1 Critical Kills 1 | . . . 1 . . . . . . . . . . . . . Critical Parts Destroyed 3 | . 1 . 2 . . . . . . . . . . . . . Critical Strikes 9 | 1 3 . 3 . . . . . . . 2 . . . . . Burn 3 | 1 2 . . . . . . . . . . . . . . . Meltdown 1 | . . . 1 . . . . . . . . . . . . . Destroy 3 | . 1 . 2 . . . . . . . . . . . . . Sever 2 | . . . . . . . . . . . 2 . . . . . Melee Attacks 160 | . . . . . . . 1 16 23 16 29 16 42 5 4 8 Impact 11 | . . . . . . . 1 10 . . . . . . . . Slashing 149 | . . . . . . . . 6 23 16 29 16 42 5 4 8 Piercing . | . . . . . . . . . . . . . . . . . Sneak Attacks 29 | . . . . . . . . . 2 4 18 1 3 . . 1 Combat Hostiles 1 | . . . . . . . . . . . 1 . . . . . Follow-up Attacks . | . . . . . . . . . . . . . . . . . Damage Inflicted 7023 | 301 890 513 2117 469 . . . . 212 456 1306 87 451 63 . 158 Guns 2292 | 301 890 279 780 42 . . . . . . . . . . . . Cannons 1372 | . . . 1337 35 . . . . . . . . . . . . Explosions 722 | . . 234 . 392 . . . . . . 33 . . 63 . . Melee 2637 | . . . . . . . . . 212 456 1273 87 451 . . 158 Ramming . | . . . . . . . . . . . . . . . . . Kinetic 1436 | 125 358 161 715 77 . . . . . . . . . . . . Thermal 2163 | 176 532 118 1337 . . . . . . . . . . . . . Explosive 722 | . . 234 . 392 . . . . . . 33 . . 63 . . Electromagnetic 65 | . . . 65 . . . . . . . . . . . . . Impact . | . . . . . . . . . . . . . . . . . Slashing 2637 | . . . . . . . . . 212 456 1273 87 451 . . 158 Piercing . | . . . . . . . . . . . . . . . . . Highest Corruption 4 | . . . . . . . . 4 . . . . . . . . Average Corruption 4 | . . . . . . . . 4 . . . . . . . . Corruption Purged . | . . . . . . . . . . . . . . . . . Corruption Blocked . | . . . . . . . . . . . . . . . . . Overload Shots . | . . . . . . . . . . . . . . . . . Overflow Damage 387 | . . 12 33 . . . . . . 5 142 . 192 . . 3 Projectiles 33 | . . . 33 . . . . . . . . . . . . . Explosions 12 | . . 12 . . . . . . . . . . . . . . Melee 342 | . . . . . . . . . . 5 142 . 192 . . 3 Knockbacks . | . . . . . . . . . . . . . . . . . Impact . | . . . . . . . . . . . . . . . . . Kinetic . | . . . . . . . . . . . . . . . . . Secondary . | . . . . . . . . . . . . . . . . . Self-Inflicted Damage 218 | . . 50 . 99 . . . . . . 31 . . 38 . . Shots 8 | . . 2 . 3 . . . . . . 2 . . 1 . . Rammed . | . . . . . . . . . . . . . . . . . Targets Rammed . | . . . . . . . . . . . . . . . . . Kicked . | . . . . . . . . . . . . . . . . . Crushed . | . . . . . . . . . . . . . . . . . Highest Temperature 333 | 120 330 264 268 17 . . . . 2 197 57 90 162 205 . 333 Average Temperature 74 | 42 86 98 70 9 . . . . 2 108 19 38 50 142 . 186 Received Heat Transfer 1193 | . 372 36 267 39 . . . . . . 9 . . . . 470 Effects 1 | . . 1 . . . . . . . . . . . . . . Energy Bleed 1 | . . 1 . . . . . . . . . . . . . . Siege Activations . | . . . . . . . . . . . . . . . . . Martial Activations . | . . . . . . . . . . . . . . . . . Shielding Activations . | . . . . . . . . . . . . . . . . . Robots Disrupted . | . . . . . . . . . . . . . . . . . Combat Hostiles . | . . . . . . . . . . . . . . . . . Robots Corrupted . | . . . . . . . . . . . . . . . . . Combat Hostiles . | . . . . . . . . . . . . . . . . . Parts Fried . | . . . . . . . . . . . . . . . . . Impact Corruptions . | . . . . . . . . . . . . . . . . . Robots Melted 1 | . . . 1 . . . . . . . . . . . . . Combat Hostiles 1 | . . . 1 . . . . . . . . . . . . . Parts Melted 15 | 2 7 1 5 . . . . . . . . . . . . . Heat Transferred 4958 | 592 1665 296 2405 . . . . . . . . . . . . . Parts Sabotaged . | . . . . . . . . . . . . . . . . . Parts Stolen . | . . . . . . . . . . . . . . . . . Parts Stripped . | . . . . . . . . . . . . . . . . . Power Chain Reactions . | . . . . . . . . . . . . . . . . . Alert | -11 -10 -10 -9 -9 -9 -8 -8 -7 -6 -5 -5 -4 -3 -3 -3 -2 ------- Run | Yrd Mat Min Mat Min Exi Min Mat Fac Fac Fac Ext Fac Res Arm Lab Res Maximum Alert Level 1 | . . . 1 1 . . . . . . . . . . . 1 Low Security (%) 86 | 100 100 100 24 83 . 100 100 100 100 100 100 100 100 100 . 93 Level 1 13 | . . . 75 16 . . . . . . . . . . . 6 Level 2 . | . . . . . . . . . . . . . . . . . Level 3 . | . . . . . . . . . . . . . . . . . Level 4 . | . . . . . . . . . . . . . . . . . Level 5 . | . . . . . . . . . . . . . . . . . High Security . | . . . . . . . . . . . . . . . . . Max Security . | . . . . . . . . . . . . . . . . . Peak Influence 350 | 10 70 106 350 229 . . 85 45 18 64 115 20 177 147 . 246 Initial 127 | . . 1 . 127 . . . . 17 . 27 4 1 90 . . Average 59 | 2 19 46 225 104 . . 21 2 1 9 30 2 54 64 . 59 Influence Increases 3890 | 40 284 262 858 242 . . 106 130 43 168 212 123 434 359 . 629 Destroy 0b10 Robot/C 1280 | . 180 200 600 140 . . . . . . 60 . . 20 . 80 Destroy 0b10 Robot/NC 220 | 40 35 . 55 . . . . . 10 25 25 5 15 . . 10 Destroy Leader 288 | . 54 30 156 30 . . . . . 2 4 . 2 . . 10 Allied During Kill 79 | . . . . . . . . . . . 20 . . . . 59 Successful Hack 184 | . . . 11 . . . . 39 12 3 . 28 36 35 . 20 Disable Machine 75 | . 15 15 15 15 . . . . . . . . . 15 . . Destroy Structure 384 | . . 17 6 42 . . 1 16 21 18 58 30 126 34 . 15 Partial Spotted 420 | . . . . . . . . 15 . 75 45 45 120 15 . 105 Lose Combat Pursuer 960 | . . . 15 15 . . 105 60 . 45 . 15 135 240 . 330 Influence Decreases 3697 | 40 278 267 531 351 219 . 106 93 80 112 259 129 265 384 147 436 Entered New Map 711 | . . 5 1 201 219 . . . 20 . 29 5 2 82 147 . Time Decay 2348 | 40 258 262 510 150 . . 106 93 60 102 170 115 254 130 . 98 Search Patrol Dispatched 100 | . . . . . . . . . . . . . . . . 100 Lost Part 188 | . 20 . 10 . . . . . . . . . . 80 . 78 Lost Ally 249 | . . . 10 . . . . . . 10 60 9 . . . 160 Purge Threat 101 | . . . . . . . . . . . . . 9 92 . . Squads Dispatched 44 | . 2 . 2 . . . . 4 2 5 1 6 9 4 . 9 Investigation 14 | . . . . . . . . 2 1 2 . 3 2 2 . 2 Extermination 15 | . . . . . . . . 2 1 3 . 3 3 1 . 2 Reinforcement 15 | . 2 . 2 . . . . . . . 1 . 4 1 . 5 Assault . | . . . . . . . . . . . . . . . . . Garrison . | . . . . . . . . . . . . . . . . . Intercept . | . . . . . . . . . . . . . . . . . Searches Triggered 1 | . . . . . . . . . . . . . . . . 1 Unchained Authorized 1 | . . . . . . . . . . . . . . 1 . . Construction Impeded 1 | . . . . . . . . . . . . . . . . 1 Haulers Reinforced . | . . . . . . . . . . . . . . . . . Active Scanning Responses . | . . . . . . . . . . . . . . . . . Cargo Convoy Interrupts . | . . . . . . . . . . . . . . . . . Stealth | -11 -10 -10 -9 -9 -9 -8 -8 -7 -6 -5 -5 -4 -3 -3 -3 -2 --------- Run | Yrd Mat Min Mat Min Exi Min Mat Fac Fac Fac Ext Fac Res Arm Lab Res Distress Signals 11 | . 4 . 2 . . . 1 . . . 1 . . 1 . 2 Communications Jammed . | . . . . . . . . . . . . . . . . . Distress Signals . | . . . . . . . . . . . . . . . . . Times Spotted 201 | . 25 10 39 9 . . 3 4 2 4 6 6 13 39 1 40 Peak Tracking Total 21 | . 5 3 5 5 . . 8 3 1 3 1 2 5 21 1 15 Tactical Retreats 20 | . . . 1 1 . . 3 2 . 1 . 1 3 3 . 5 Traps | -11 -10 -10 -9 -9 -9 -8 -8 -7 -6 -5 -5 -4 -3 -3 -3 -2 ------- Run | Yrd Mat Min Mat Min Exi Min Mat Fac Fac Fac Ext Fac Res Arm Lab Res Traps Triggered 9 | . 3 . 2 . . . . 2 . . 2 . . . . . Indirectly . | . . . . . . . . . . . . . . . . . Trap Hack Attempts . | . . . . . . . . . . . . . . . . . Triggered . | . . . . . . . . . . . . . . . . . Disarmed 10 | . . . . . . . . . . . 6 . . 4 . . Reprogrammed . | . . . . . . . . . . . . . . . . . Reused . | . . . . . . . . . . . . . . . . . Traps Extracted . | . . . . . . . . . . . . . . . . . Installed . | . . . . . . . . . . . . . . . . . Triggered . | . . . . . . . . . . . . . . . . . Machines | -11 -10 -10 -9 -9 -9 -8 -8 -7 -6 -5 -5 -4 -3 -3 -3 -2 ---------- Run | Yrd Mat Min Mat Min Exi Min Mat Fac Fac Fac Ext Fac Res Arm Lab Res Machines Disabled 6 | . 1 1 1 1 . . . . . . . . . 1 1 . Max in Single Turn 1 | . 1 1 1 1 . . . . . . . . . 1 1 . Garrison Access 4 | . . . . . . . . . . 1 . . 3 . . . Machines Repaired . | . . . . . . . . . . . . . . . . . Machines Dismantled . | . . . . . . . . . . . . . . . . . Machines Sabotaged . | . . . . . . . . . . . . . . . . . Overloaded Fab Kills . | . . . . . . . . . . . . . . . . . Hacking | -11 -10 -10 -9 -9 -9 -8 -8 -7 -6 -5 -5 -4 -3 -3 -3 -2 --------- Run | Yrd Mat Min Mat Min Exi Min Mat Fac Fac Fac Ext Fac Res Arm Lab Res Machines Accessed 90 | . 2 . 3 . 2 . 2 9 7 10 8 13 17 12 . 5 Terminals 52 | . 1 . 1 . . . 1 6 5 4 7 5 9 9 . 4 Fabricators 15 | . . . . . . . . 2 1 3 . 5 2 2 . . Repair Stations 5 | . . . 1 . . . . . . . 1 1 1 1 . . Recycling Units 2 | . 1 . . . . . . . . . . . . . . 1 Scanalyzers 10 | . . . 1 . . . 1 1 1 2 . 2 2 . . . Garrison Access 4 | . . . . . . . . . . 1 . . 3 . . . Total Hacks 328 | . 3 . 14 . 5 . 8 27 28 42 28 42 49 65 . 17 Successful 248 | . 2 . 11 . 5 . 8 14 13 34 24 37 38 56 . 6 Failed 80 | . 1 . 3 . . . . 13 15 8 4 5 11 9 . 11 Catastrophic 9 | . . . . . . . . 4 2 1 . . . . . 2 Database Lockouts . | . . . . . . . . . . . . . . . . . Manual 154 | . 2 . 3 . 1 . 2 19 17 11 16 21 23 31 . 8 Terminals 212 | . 2 . 4 . . . 2 18 22 17 26 19 35 53 . 14 Fabricators 43 | . . . . . . . . 6 3 10 . 12 4 8 . . Repair Stations 14 | . . . 2 . . . . . . . 2 4 2 4 . . Recycling Units 4 | . 1 . . . . . . . . . . . . . . 3 Scanalyzers 45 | . . . 8 . . . 6 3 3 13 . 7 5 . . . Garrison Access 5 | . . . . . . . . . . 2 . . 3 . . . Terminal Hacks 134 | . . . 2 . 5 . 1 8 8 11 19 13 23 40 . 4 Record 5 | . . . . . 4 . . . . . 1 . . . . . Part Schematic 12 | . . . . . . . . 1 1 1 3 3 3 . . . Prototype ID Bank 3 | . . . . . . . . . . . . . 1 2 . . Open Door 6 | . . . . . . . . . . 1 3 . . 2 . . Level Access Points 7 | . . . . . . . 1 1 1 . 1 1 . 1 . 1 Branch Access Points 7 | . . . . . . . . 1 1 1 . 1 1 2 . . Emergency Access Points 1 | . . . . . . . . . . . . . . 1 . . Machine Index 1 | . . . . . . . . . 1 . . . . . . . Terminal Index 7 | . . . . . . . . 1 1 1 1 1 1 1 . . Fabricator Index 3 | . . . . . . . . . . 1 . 1 1 . . . Scanalyzer Index 3 | . . . 1 . . . . 1 . . . 1 . . . . Garrison Index 1 | . . . . . . . . . . . . . . 1 . . Alert Level 4 | . . . . . . . . . . . . . 2 2 . . Unreport Threat 2 | . . . . . . . . . . . . . 1 1 . . Locate Traps 19 | . . . 1 . . . . 3 2 . 3 . 5 3 . 2 Disarm Traps 2 | . . . . . . . . . . . 1 . . 1 . . Dispatch Records 4 | . . . . . . . . . . 1 2 . . 1 . . Maintenance Status 3 | . . . . . . . . . 1 . . . 1 1 . . Security Status 2 | . . . . . . . . . . . . . . 2 . . Surveillance Status 4 | . . . . . . . . . . 1 1 . . 2 . . Patrol Status 4 | . . . . . . . . . . 1 1 . . 2 . . Extermination Status 1 | . . . . . . . . . . . . . . 1 . . Assault Status 1 | . . . . . . . . . . . 1 . . . . . Garrison Status 1 | . . . . . . . . . . . . . . 1 . . Recall Investigation 5 | . . . . . . . . . . 2 . 1 . 2 . . Recall Extermination 8 | . . . . . . . . . . 1 . 2 3 2 . . Recall Reinforcements 7 | . . . . . . . . . . . 1 . 3 3 . . Registered Components 2 | . . . . . . . . . . . . 1 . 1 . . Zone Layout 8 | . . . . . . . . . . . . 1 1 5 . 1 Proto ID Catalog 1 | . . . . . 1 . . . . . . . . . . . Fabricator Hacks 30 | . . . . . . . . 2 3 8 . 9 2 6 . . Network Status 3 | . . . . . . . . 1 1 . . . . 1 . . Load Schematic 18 | . . . . . . . . 1 1 5 . 6 2 3 . . Build 9 | . . . . . . . . . 1 3 . 3 . 2 . . Repair Station Hacks 14 | . . . 2 . . . . . . . 2 4 2 4 . . Scan Component 7 | . . . 1 . . . . . . . 1 2 1 2 . . Repair 7 | . . . 1 . . . . . . . 1 2 1 2 . . Recycling Unit Hacks 2 | . 1 . . . . . . . . . . . . . . 1 Report Inventory 2 | . 1 . . . . . . . . . . . . . . 1 Scanalyzer 36 | . . . 7 . . . 6 1 . 11 . 7 4 . . . Insert Component 12 | . . . 2 . . . 2 . . 4 . 2 2 . . . Analyze 13 | . . . 2 . . . 2 . . 5 . 3 1 . . . Retrieve Study 11 | . . . 3 . . . 2 1 . 2 . 2 1 . . . Garrison Access Hacks 4 | . . . . . . . . . . 1 . . 3 . . . Seal Access 4 | . . . . . . . . . . 1 . . 3 . . . Unauthorized Hacks 28 | . 1 . . . . . 1 3 2 3 3 4 4 6 . 1 Terminals 17 | . 1 . . . . . 1 1 2 1 3 1 2 4 . 1 Assimilate 6 | . 1 . . . . . . . 1 . 2 . 1 1 . . Botnet 9 | . . . . . . . 1 1 1 1 1 1 1 1 . 1 Operators 1 | . . . . . . . . . . . . . . 1 . . Skim 1 | . . . . . . . . . . . . . . 1 . . Fabricators 11 | . . . . . . . . 2 . 2 . 3 2 2 . . Recompile 11 | . . . . . . . . 2 . 2 . 3 2 2 . . Repair Stations . | . . . . . . . . . . . . . . . . . Recycling Units . | . . . . . . . . . . . . . . . . . Scanalyzers . | . . . . . . . . . . . . . . . . . Garrison Access . | . . . . . . . . . . . . . . . . . Data Cores Recovered 1 | . . . . . . . . . . 1 . . . . . . Used . | . . . . . . . . . . . . . . . . . Hacking Detections 54 | . 1 . 2 . . . 1 7 6 6 2 6 9 9 . 5 Full Trace Events 4 | . . . 1 . . . . . 1 . . . . . . 2 Feedback Events . | . . . . . . . . . . . . . . . . . Feedback Blocked 1 | . . . . . . . . . . . . . . . . 1 Robot Schematics Acquired . | . . . . . . . . . . . . . . . . . Robots Built . | . . . . . . . . . . . . . . . . . Authchips . | . . . . . . . . . . . . . . . . . Time . | . . . . . . . . . . . . . . . . . Total Robot Build Rating . | . . . . . . . . . . . . . . . . . Part Schematics Acquired 22 | . . . 2 . . . 2 1 1 4 3 5 4 . . . Parts Built 11 | . . . . . . . . . 2 3 . 3 . 3 . . Authchips 9 | . . . . . . . . . 1 3 . 3 . 2 . . Time 641 | . . . . . . . . . 95 182 . 202 . 162 . . Total Part Build Rating 71 | . . . . . . . . . 10 17 . 19 . 25 . . Part Studies Acquired 10 | . . . 3 . . . 2 1 . 2 . 1 1 . . . Parts Repaired 7 | . . . 1 . . . . . . . 1 2 1 2 . . Time 199 | . . . 26 . . . . . . . 54 41 26 52 . . Parts Recycled . | . . . . . . . . . . . . . . . . . Recycled Matter . | . . . . . . . . . . . . . . . . . Retrieved Matter . | . . . . . . . . . . . . . . . . . Retrieved Components . | . . . . . . . . . . . . . . . . . Parts Scanalyzed 12 | . . . 2 . . . 2 . . 4 . 2 2 . . . Part Schematics Acquired 10 | . . . 2 . . . 2 . . 3 . 2 1 . . . Parts Damaged 1 | . . . . . . . . . . . . 1 . . . . Bothacking | -11 -10 -10 -9 -9 -9 -8 -8 -7 -6 -5 -5 -4 -3 -3 -3 -2 ------------ Run | Yrd Mat Min Mat Min Exi Min Mat Fac Fac Fac Ext Fac Res Arm Lab Res Used RIF Installer . | . . . . . . . . . . . . . . . . . Robots Hacked . | . . . . . . . . . . . . . . . . . Non-combat . | . . . . . . . . . . . . . . . . . Combat . | . . . . . . . . . . . . . . . . . Robot Hacks Applied . | . . . . . . . . . . . . . . . . . Relay Couplers Released . | . . . . . . . . . . . . . . . . . Fabnet Peak Effective % . | . . . . . . . . . . . . . . . . . Robots Rewired . | . . . . . . . . . . . . . . . . . Allies Hacked . | . . . . . . . . . . . . . . . . . Hacks Repelled . | . . . . . . . . . . . . . . . . . Allies | -11 -10 -10 -9 -9 -9 -8 -8 -7 -6 -5 -5 -4 -3 -3 -3 -2 -------- Run | Yrd Mat Min Mat Min Exi Min Mat Fac Fac Fac Ext Fac Res Arm Lab Res Total Allies 17 | . 1 . . . . . . . 1 . 7 . . . . 8 Largest Group 7 | . 1 1 1 . . . . . 1 1 5 1 . . . 7 Highest-Rated Group 248 | . 10 10 10 . . . . . 26 26 248 26 . . . 100 Highest-Rated Ally 142 | . 10 10 10 . . . . . 26 26 142 26 . . . 15 Total Orders 5 | . . 3 . . . . . . . . . 2 . . . . STAY 2 | . . 1 . . . . . . . . . 1 . . . . ROAM 1 | . . 1 . . . . . . . . . . . . . . FOLLOW 2 | . . 1 . . . . . . . . . 1 . . . . Ally Attacks 51 | . . . . . . . . . . . 28 . . . . 23 Total Damage 888 | . . . . . . . . . . . 405 . . . . 483 Kills 10 | . . . . . . . . . . . 5 . . . . 5 Allies Corrupted 1 | . . . . . . . . . . . 1 . . . . . Allies Melted . | . . . . . . . . . . . . . . . . . Intel | -11 -10 -10 -9 -9 -9 -8 -8 -7 -6 -5 -5 -4 -3 -3 -3 -2 ------- Run | Yrd Mat Min Mat Min Exi Min Mat Fac Fac Fac Ext Fac Res Arm Lab Res Active Infowar (turns) 5200 | 75 78 . . . . 7 467 671 565 646 565 863 753 266 94 150 Terrain 4964 | . . . . . . 6 467 671 565 646 515 863 753 266 94 118 Structural 3971 | . . . . . . 7 467 671 431 365 . 842 753 261 49 125 Seismic 153 | 75 78 . . . . . . . . . . . . . . . Cloaking 87 | . . . . . . . . 16 16 5 50 . . . . . Robot Analysis Total . | . . . . . . . . . . . . . . . . . Derelict Logs Recovered 1 | . . 1 . . . . . . . . . . . . . . Drone Launches . | . . . . . . . . . . . . . . . . . Drone Recoveries . | . . . . . . . . . . . . . . . . . Exploration | -11 -10 -10 -9 -9 -9 -8 -8 -7 -6 -5 -5 -4 -3 -3 -3 -2 ------------- Run | Yrd Mat Min Mat Min Exi Min Mat Fac Fac Fac Ext Fac Res Arm Lab Res Turns Passed 9225 | 180 1041 636 1486 308 212 174 467 671 565 646 565 863 753 266 94 298 Spaces Moved 13321 | 106 734 551 971 287 248 185 497 1067 1197 1557 708 1675 2069 715 117 637 Core 118 | 6 . . . . . . . . . . . . . . . 112 Treads . | . . . . . . . . . . . . . . . . . Legs . | . . . . . . . . . . . . . . . . . Wheels 3075 | 100 734 551 971 287 248 184 . . . . . . . . . . Hover . | . . . . . . . . . . . . . . . . . Flight 10128 | . . . . . . 1 497 1067 1197 1557 708 1675 2069 715 117 525 Fastest Speed 5 | 50 80 95 95 85 85 85 34 31 28 15 15 14 5 6 32 26 Average Speed 42 | 85 93 95 96 87 85 85 34 31 29 26 24 26 22 21 34 35 Slowest Speed 200 | 100 125 95 125 100 85 107 34 31 31 108 25 27 23 29 35 200 Overloaded Moves 328 | . . . . . . . . . . 69 8 17 58 78 . 98 Propulsion Burnouts . | . . . . . . . . . . . . . . . . . Robots Hopped 36 | . . . . . . . 3 2 1 1 1 6 4 12 . 6 Potential Cave-ins 22 | . . . . . . . . . . . 8 . 14 . . . Cave-ins Triggered . | . . . . . . . . . . . . . . . . . Teleports 1 | . . . . . . . . . . . . . . . 1 . Exploration Rate (%) 50 | 4 90 98 76 60 61 51 34 33 20 27 63 31 50 48 89 26 Regions Visited 16 Branch Regions 7 Pre-discovered Areas 1 | . . . . . 1 . . . . . . . . . . . Known Exits Taken 8 | . . . . . . . 1 1 1 1 1 1 1 . 1 . Unknown Exits Taken 8 | 1 1 1 1 1 1 1 . . . . . . . 1 . . Scrap Searched 3 | . . 1 . 1 . 1 . . . . . . . . . . Spaces Dug 312 | . . 1 . . . . 1 16 21 9 85 15 155 4 . 5 Terrain Destroyed 438 | . . 25 . 52 . . 1 16 21 9 104 15 166 24 . 5 Melee 116 | . . . . . . . 1 16 21 9 8 15 37 4 . 5 Projectile 1 | . . 1 . . . . . . . . . . . . . . AOE 321 | . . 24 . 52 . . . . . . 96 . 129 20 . . Terrain Rammed . | . . . . . . . . . . . . . . . . . Walls Destroyed . | . . . . . . . . . . . . . . . . . Machines Disabled . | . . . . . . . . . . . . . . . . . Actions | -11 -10 -10 -9 -9 -9 -8 -8 -7 -6 -5 -5 -4 -3 -3 -3 -2 --------- Run | Yrd Mat Min Mat Min Exi Min Mat Fac Fac Fac Ext Fac Res Arm Lab Res Total 16224 | 149 957 622 1369 329 249 205 788 1376 1378 1757 1042 2062 2275 805 164 697 Wait 2124 | . 82 30 236 30 . . 282 273 132 164 277 333 143 79 35 28 Move 13232 | 105 733 550 970 286 247 184 490 1062 1194 1554 705 1662 2059 690 116 625 Hop 36 | . . . . . . . 3 2 1 1 1 6 4 12 . 6 Pick Up 141 | 9 23 9 27 1 1 . 6 7 8 7 4 16 6 6 . 11 Fast Attach 20 | 6 1 . 3 . . . . . . 1 1 2 1 . 4 1 Attach 58 | 1 10 . 4 . . 5 3 2 3 5 . 9 2 4 1 9 Detach 6 | . . . . . . . . . . 1 . . . . 2 3 Swap 97 | 2 13 8 22 5 . 4 3 8 9 5 3 7 3 5 . . Drop 107 | 2 15 5 29 1 1 12 . 6 8 3 2 11 2 2 2 6 Fire 230 | 24 80 20 78 6 . . . . . . 8 . 12 2 . . Melee 160 | . . . . . . . 1 16 23 16 29 16 42 5 4 8 Ram . | . . . . . . . . . . . . . . . . . Kick . | . . . . . . . . . . . . . . . . . Crush . | . . . . . . . . . . . . . . . . . Escape Stasis 13 | . . . . . . . . . . . 12 . 1 . . . Rewire . | . . . . . . . . . . . . . . . . . Trap . | . . . . . . . . . . . . . . . . . Miscellaneous . | . . . . . . . . . . . . . . . . . Route ------- -11/Scrapyard -10/Materials (discovered 4 exits: *Mat x3 / [*Min]) -10/Mines (discovered 3 exits: *Mat x2 / Sub) -9/Materials (discovered 3 exits: *Mat x2 / [*Min]) -9/Mines (discovered 2 exits: *Mat / *Exi) -9/Exiles -8/Mines -8/Materials (discovered 3 exits: *Fac x3) -7/Factory (discovered 6 exits: *Fac x4 / Low x2) -6/Factory (discovered 6 exits: *Fac x4 / Low x2) -5/Factory (discovered 5 exits: *Fac / Upp x2 / *Ext x2) -5/Extension (discovered 3 exits: *Fac x2 / [*Cet]) -4/Factory (discovered 6 exits: *Res x4 / Upp x2) -3/Research (discovered 4 exits: Res / *Arm / *Qua x2) -3/Armory (discovered 3 exits: Res x2 / [*Lab]) -3/Lab -2/Research (discovered 4 exits: Acc x3 / [*Tes]) History --------- Turn | Location | Event 18 | -11/Scrapyard | Discovered new exit (range 16) 181 | -11/Scrapyard | Entered Materials 532 | -10/Materials | Build established: Mutant 719 | -10/Materials | Discovered new exit (range 16) 773 | -10/Materials | Discovered new exit (range 7) 865 | -10/Materials | Discovered new exit (range 12) 1069 | -10/Materials | Discovered new exit (range 16) 1222 | -10/Materials | Entered Mines 1222 | -10/Mines | Accompanied by 1 ally 1229 | -10/Mines | Received a Rocket Launcher from a helpful Derelict 1360 | -10/Mines | Discovered new exit (range 9) 1402 | -10/Mines | Discovered new exit (range 8) 1456 | -10/Mines | Core integrity fell below 50% 1633 | -10/Mines | Identified exit to Subcaves 1775 | -10/Mines | Build established: Scavenger-Mutant 1804 | -10/Mines | Found a hidden stash of uninstalled traps 1858 | -10/Mines | Entered Materials 1858 | -9/Materials | Accompanied by 1 ally 1858 | -9/Materials | Evolved 2 slots: Utility x2 2160 | -9/Materials | Repaired Flight Unit 2467 | -9/Materials | Discovered new exit (range 8) 2652 | -9/Materials | Build established: Mutant 2946 | -9/Materials | Discovered new exit (range 7) 3005 | -9/Materials | Discovered new exit (range 3) 3344 | -9/Materials | Entered Mines 3345 | -9/Mines | Assembled infested the area 3350 | -9/Mines | Assisted by a Guerilla fighting off Assembled 3356 | -9/Mines | Discovered new exit (range 5) 3468 | -9/Mines | YI-UF0 nonchalantly dropped a Grenade Launcher on the ground 3649 | -9/Mines | Deemed a non-threat by the Exiles lab entrance 3649 | -9/Mines | Discovered new exit (range 5) 3652 | -9/Mines | Entered Exiles 3674 | -9/Exiles | Met 8R-AWN 3688 | -9/Exiles | Met EX-HEX 3711 | -9/Exiles | Met EX-BIN 3723 | -9/Exiles | Aligned with FarCom system 3724 | -9/Exiles | Given EX-Vault access code 3743 | -9/Exiles | Opened EX-Vault 3750 | -9/Exiles | Found Cloak of Protection 3770 | -9/Exiles | Warned to stay clear of 0b10 Research branches 3792 | -9/Exiles | Met EX-DEC 3800 | -9/Exiles | Learned location of Zion (-6) 3855 | -9/Exiles | Discovered new exit (range 10) 3864 | -9/Exiles | Left Exiles lab with Cloak of Protection 3864 | -9/Exiles | Entered Mines 3936 | -8/Mines | Discovered new exit (range 12) 4038 | -8/Mines | Entered Materials 4038 | -8/Materials | Evolved 2 slots: Propulsion x1, Utility x1 4133 | -8/Materials | Identified exit to Factory 4383 | -8/Materials | Build established: Hacker-Scout 4505 | -8/Materials | Entered Factory 4505 | -7/Factory | Evolved 2 slots: Propulsion x1, Utility x1 4905 | -7/Factory | Discovered new exit (range 9) 5003 | -7/Factory | Discovered new exit (range 15) 5057 | -7/Factory | Identified exit to Factory 5057 | -7/Factory | Identified exit to Lower Caves 5176 | -7/Factory | Entered another Factory area 5176 | -6/Factory | Evolved 2 slots: Power x1, Utility x1 5223 | -6/Factory | Identified exit to Lower Caves 5223 | -6/Factory | Identified exit to Factory 5441 | -6/Factory | Fabricated Lgt. Fission Core (x2) 5741 | -6/Factory | Entered another Factory area 5741 | -5/Factory | Accompanied by 1 ally 5741 | -5/Factory | Evolved 2 slots: Propulsion x1, Utility x1 5868 | -5/Factory | Identified exit to Upper Caves 5868 | -5/Factory | Identified exit to Extension 6075 | -5/Factory | Fabricated Cld. Cesium-ion Thruster? 6079 | -5/Factory | Discovered new exit (range 14) 6272 | -5/Factory | Fabricated Adv. Hacking Suite (x1) 6326 | -5/Factory | Fabricated Adv. Hacking Suite (x1) 6387 | -5/Factory | Entered Extension 6495 | -5/Extension | Identified exit to Factory 6702 | -5/Extension | Rescued a captive Derelict 6703 | -5/Extension | Rescued a captive Derelict 6717 | -5/Extension | Rescued A7 6776 | -5/Extension | Murdered A7 6777 | -5/Extension | Extracted ID and sensor layout for unrecognized location from A7's data core 6840 | -5/Extension | Build established: Wizard-Scout 6912 | -5/Extension | Repaired Com. Particle Reactor 6924 | -5/Extension | Rescued a captive Derelict 6939 | -5/Extension | Discovered new exit (range 6) 6952 | -5/Extension | Entered Factory 6952 | -4/Factory | Accompanied by 1 ally 6952 | -4/Factory | Evolved 2 slots: Utility x2 7061 | -4/Factory | Identified exit to Upper Caves 7061 | -4/Factory | Identified exit to Research 7204 | -4/Factory | Repaired Lgt. Fission Core+ 7221 | -4/Factory | Repaired Mni. Grenade Launcher+ 7351 | -4/Factory | Fabricated Cld. Nuclear Pulse Thruster? 7526 | -4/Factory | Fabricated Cld. Nuclear Pulse Thruster? 7744 | -4/Factory | Fabricated Exp. Hacking Suite (x1) 7815 | -4/Factory | Entered Research 7815 | -3/Research | Evolved 2 slots: Utility x2 8175 | -3/Research | Identified exit to Armory 8175 | -3/Research | Identified exit to Quarantine 8486 | -3/Research | Repaired Cld. Cesium-ion Thruster 8495 | -3/Research | Discovered new exit (range 14) 8529 | -3/Research | Spotted B-86 Titan 8568 | -3/Research | Entered Armory 8633 | -3/Armory | Repaired Cld. Cesium-ion Thruster 8648 | -3/Armory | Fabricated Adv. Phase Shifter? 8660 | -3/Armory | Repaired Cld. Cesium-ion Thruster 8669 | -3/Armory | Fabricated Diametric Drive? 8704 | -3/Armory | Unchained authorized (6S-H0T) 8744 | -3/Armory | Exiles provided nearest exit location to -2/Research 8831 | -3/Armory | Discovered new exit (range 3) 8834 | -3/Armory | Entered Lab 8834 | -3/Lab | Discovered exit to Research (range 10) 8839 | -3/Lab | Hidden lab's door opened automatically 8839 | -3/Lab | Sensor layout match revealed 8841 | -3/Lab | Gained access to the hidden lab's interior 8863 | -3/Lab | Lost 9 parts (3n5u1w) 8879 | -3/Lab | Found Alien Artifact 8879 | -3/Lab | Identified Core Reset Matrix 8879 | -3/Lab | Used Core Reset Matrix 8881 | -3/Lab | Detected by scanners 8883 | -3/Lab | Sensed 3 artifacts in vicinity 8888 | -3/Lab | Found Core Expander 8888 | -3/Lab | Installed Core Expander, added new Power slot 8893 | -3/Lab | Confronted by A5 8894 | -3/Lab | Found Integrated Dissipator 8894 | -3/Lab | Installed Integrated Dissipator, increased core heat dissipation (+20) 8901 | -3/Lab | Found Transdimensional Reconstructor 8901 | -3/Lab | Warped through subspace 8926 | -3/Lab | Discovered exit to Research (range 6) 8928 | -3/Lab | Entered Research 8928 | -2/Research | Evolved 2 slots: Propulsion x1, Utility x1 8994 | -2/Research | Identified exit to Access 9108 | -2/Research | Discovered new exit (range 14) 9155 | -2/Research | Spotted B-90 Cyclops 9168 | -2/Research | Core integrity fell below 50% 9178 | -2/Research | Search patrols dispatched 9186 | -2/Research | Emitted hypermatrix ping 9191 | -2/Research | Assembled emerged from beneath the floor 9211 | -2/Research | Core integrity fell below 20% 9213 | -2/Research | Lost 7 parts (1p2n4u) 9226 | -2/Research | Destroyed by H-88 Terminator with KE Penetrator Last Messages --------------- 09194_ Acquired Unknown Energy Gun. 09196_ Slug penetrates Wall. 09197_ Acquired Unknown Energy Cannon. 09197_ Slug penetrates Wall. 09197_ Slug penetrates Door. 09201_ Slug penetrates Wall. 09208_ Penetrated by Slug. 09208_ Slug penetrates Wall. 09210_ Penetrated by Slug. 09210_ Slug penetrates H-88 Terminator. 09211_ Slug penetrates Wall. 09213_ Penetrated by Slug. 09213_ as-82693 destroyed. 09214_ Slug penetrates Wall. 09216_ Detected hypermatrix ping. 09217_ ALERT: Construction progress impeded, dispatching reinforcements to local area. 09219_ U-05 Engineer destroyed. 09224_ Penetrated by Slug. 09226_ Slug penetrates Wall. Map ----- +----------------------------------------------------+ | ?????????????????????????????????????????????????? | | ?????????????????????????????????????????????????? | | ?????????????????????????????????????????????????? | | ?????????????????????????????????????????????????? | | ?????????????????????????????????????????????????? | | ?????????????????????????????????????????????????? | | ?????????????????????????????????????????????????? | | ?????????????????????????????????????????????????? | | ?????????????????????????????????????????????????? | | # ???????????????????????????????????????????? | | # ???????????????????????????????????????????? | | # ???????????????????????????????????????????? | | # ???????????????????????????????????????????? | | # ???????????????????????????????????????????? | | # ???????????????????????????????????????????? | | # ???????????????????????????????????????????? | | # ???????????????????????????????????????????? | | # ??????########?????????????????????????????? | | + ??????# #?????????????????????????????? | | # ??????# #?????????????????????????????? | | ##??????# #?????????????????????????????? | | ##??????# #?????????????????????????????? | | ##??????# #?????????????????????????????? | | ######### #?????????????????????????????? | | ############+################????????????????? | | %%%=hh!!%=h R h@ p #????????????????? | | ############ h######## #????????????????? | | #/#/##########?# k #??????# #????????????????? | | ##?????# !!! "#????#s#????????????????? | | ##?????# !!! ""#????# #????????????????? | | ##?????# !! ""#????#p#????????????????? | | ##?????# ""#????# #????????????????? | | ##?????# ""#????# #????????????????? | | ##?????# T"#????# #????????????????? | | ##?????# ""#????# #????????????????? | | ##?????# ""#????? ?????????????????? | | ##?????# ""??????w?????????????????? | | ##?????# ""?????? ?????????????????? | | ##?????# "?????? ?????????????????? | | ##?????# ##?????? ?????????????????? | | ##########?????# #??????? ?????????????????? | | ##########?????? !!! ???????? ?????????????????? | | ???????????????? ??????????????????????????????? | | ?????????????????????????????????????????????????? | | ?????????????????????????????????????????????????? | | ?????????????????????????????????????????????????? | | ?????????????????????????????????????????????????? | | ?????????????????????????????????????????????????? | | ?????????????????????????????????????????????????? | | ?????????????????????????????????????????????????? | +----------------------------------------------------+ Best States ------------- Heat Dissipation 69 Energy Generation 37 Energy Capacity 280 Matter Stores 300 Matter Capacity 300 Sight Range 16 Terrain Scan Range 20 Terrain Scan Density 210 Cloak Strength 5 Power Amplification 30 Armor Coverage 225 Phase Shifting 15 Evasion (%) 92 Targeting Accuracy 12 Melee Accuracy 10 Offensive Hacking 70 Defensive Hacking 26 Authchip Count 2 Item Schematics ----------------- None Robot Schematics ------------------ None Fabricated ------------ Lgt. Fission Core | x2 | -6/Factory | Authchip Cld. Cesium-ion Thruster | x1 | -5/Factory | Authchip Adv. Hacking Suite | x1 | -5/Factory | Authchip Adv. Hacking Suite | x1 | -5/Factory | Authchip Cld. Nuclear Pulse Thruster | x1 | -4/Factory | Authchip Cld. Nuclear Pulse Thruster | x1 | -4/Factory | Authchip Exp. Hacking Suite | x1 | -4/Factory | Authchip Adv. Phase Shifter | x2 | -3/Armory | Preloaded, Authchip Diametric Drive | x1 | -3/Armory | Authchip Repaired ---------- Flight Unit | 30% | -9/Materials Com. Particle Reactor | 70% | -5/Extension Lgt. Fission Core | 48% | -4/Factory Mni. Grenade Launcher | 64% | -4/Factory Cld. Cesium-ion Thruster | 62% | -3/Research Cld. Cesium-ion Thruster | 64% | -3/Armory Cld. Cesium-ion Thruster | 71% | -3/Armory Studied --------- None Alien Tech Used ----------------- Core Reset Matrix Core Expander Integrated Dissipator Transdimensional Reconstructor Achievements -------------- Alien Roots Alien Tech Anyone Home? Backstab Collateral Damage Prison Break Subspace Traveler Suspicious Challenges ------------ None Game ------ Seed FissionArmoredJammer Manual? 0 Play Time 07:08:52 Cumulative 57.2 hours Start 2025.12.23 @ 08:30:58 End 2025.12.24 @ 12:17:06 Sessions 2 Manual Loads 0 Difficulty Rogue Special Mode None Game No. 16 Rogue 16 Adventurer 0 Explorer 0 Win Type - Total 1 Types 1/0/0/0/0/0/0/0/0/0 Lore% 11 Gallery% 22 Achievement% 24 Wizard Run 0 Options --------- Layout 1 ASCII 0 Keyboard 0 Movement Mouse Keybinds 0 Fullscreen 1 Font 24/Smallcaps Map View 50x35 Zoom Use 0% Tactical HUD 1 Map Filters NONE Filters NONE Steam 1 RUN: b44a98ab-3add-4ab1-b298-eb97d75b5d37